 Dungeon Crawl Stone Soup version 0.28-a0-883-gc8d7bad45d (webtiles) character file.

Game seed: 5726384941736480111

107 Anon1729 the Insei (level 4, -1/29 HPs)
             Began as an Octopode Transmuter on Nov 21, 2021.
             Was a Believer of Jiyva.
             Slain by a hound (3 damage)
             ... on level 5 of the Dungeon.
             The game lasted 00:02:13 (2356 turns).

Anon1729 the Insei (Octopode Transmuter)            Turns: 2356, Time: 00:02:13

Health: -1/29      AC:  1    Str:  9    XL:     4   Next: 86%
Magic:  7/7        EV: 13    Int: 22    God:    Jiyva [**....]
Gold:   50         SH:  0    Dex: 12    Spells: 7/8 levels left

rFire   . . .      SeeInvis .     - Unarmed
rCold   . . .      Faith    .   (no shield)
rNeg    . . .      Spirit   .   (helmet restricted)
rPois   .          Reflect  .   (no amulet)
rElec   .          Harm     .   g - +6 ring of intelligence
rCorr   .          Rampage  .   (no ring)
Will    .....                   (no ring)
Stlth   ++........              (no ring)
HPRegen 1.29/turn               (no ring)
MPRegen 0.40/turn               (no ring)
                                (no ring)
                                (no ring)

@: lethally poisoned (-1 -> -2), marked
A: almost no armour, amphibious, 8 rings, camouflage 1, gelatinous body 1,
(nimble swimmer 1), tentacles
a: Renounce Religion, Request Jelly


You were on level 5 of the Dungeon.
You worshipped Jiyva.
Jiyva was pleased with you.
You visited 1 branch of the dungeon, and saw 5 of its levels.

You collected 50 gold pieces.

Inventory:

Jewellery
 g - a +6 ring of intelligence (left tentacle)
Wands
 i - a wand of flame (12)
Scrolls
 a - a scroll of enchant weapon {unknown}
 b - 2 scrolls of identify {unknown}
 d - 2 scrolls of vulnerability {unknown}
 e - 2 scrolls of teleportation {unknown}
 h - a scroll of fog {unknown}
Potions
 c - 3 potions of haste {unknown}
 f - 2 potions of curing {unknown}
 j - a potion of mutation {unknown}


   Skills:
 + Level 1.8 Fighting
 + Level 2.6 Dodging
 * Level 3.8 Unarmed Combat
 + Level 2.5 Spellcasting
 * Level 2.8 Transmutations


You had 7 spell levels left.
You knew the following spells:

 Your Spells              Type           Power      Damage    Failure   Level
a - Beastly Appendage     Tmut           30%        N/A       4%          1

Your spell library contained the following spells:

 Spells                   Type           Power      Damage    Failure   Level
 Wereblood                Tmut           15%        N/A       6%          2
 Spider Form              Tmut/Pois      9%         N/A       22%         3
 Ice Form                 Ice/Tmut       9%         N/A       58%         4


Dungeon Overview and Level Annotations

Branches:
Dungeon (5/15)
 Temple: D:4-7

Altars:
Ashenzari
Cheibriados
Dithmenos
Nemelex Xobeh
Ru
Trog
Yredelemnul
Jiyva

Shops:
D:2 *


Innate Abilities, Weirdness & Mutations

You cannot wear most types of armour.
You are amphibious.
You can wear up to eight rings at the same time.
Your skin changes colour to match your surroundings (Stealth+).
Your rubbery body absorbs attacks. (AC +1, EV +1)
((You are camouflaged near water. (Stealth+)))
You have tentacles for arms and can constrict up to eight enemies at once.


Message History

You set off the alarm!
A sentinel's mark forms upon you.
You hear a shout!
You hear an angry hiss.
You hear a bark!
You hear an angry hiss.
A water moccasin comes into view.
A water moccasin is nearby!
A water moccasin is nearby!
Aiming: Throw Flame
Press: ? - help, Shift-Dir - straight line, f - water moccasin
Aim: a water moccasin (48% to hit)
The puff of flame hits the water moccasin.
The water moccasin is lightly wounded.
A hound comes into view.
Aiming: Throw Flame
Press: ? - help, Shift-Dir - straight line, f/p - water moccasin
Aim: a water moccasin (lightly wounded, 48% to hit)
The puff of flame hits the water moccasin!
The water moccasin is heavily wounded.
A bullfrog skeleton comes into view.
The water moccasin bites you but does no damage.
You tentacle-slap the water moccasin. Your grab misses the water moccasin.
The water moccasin is heavily wounded.
The water moccasin bites you!
You are poisoned.
The water moccasin poisons you!
You miss the water moccasin. Your grab misses the water moccasin.
The water moccasin is heavily wounded.
You feel very sick. The water moccasin misses you.
You tentacle-slap the water moccasin. Your grab misses the water moccasin.
The water moccasin is severely wounded.
You feel sick. The water moccasin barely misses you.
An ogre comes into view. It is wielding a +0 giant club.
Okay, then.
You feel sick. The water moccasin bites you! The hound bites you.
* * * LOW HITPOINT WARNING * * *
You feel sick. The hound bites you.
* * * LOW HITPOINT WARNING * * *
You feel sick. The hound bites you.
You die...

#.# #.# #.# #.#
########.#
#........###
#..........#
#.<.....##.#####
#.......##.@hS.##
#.......##.##...#
#..........#......#
#.......##...Z........
####.#####.#..$...#.#.
... #.##...#...# ...
....#.####.# ##.#.###
... #. ..


You could see a water moccasin and a hound.

Vanquished Creatures
  A hound (D:5)
  2 adders
  2 dart slugs (D:1)
  5 ball pythons
  3 bats
  2 endoplasms (D:1)
  2 giant cockroaches (D:2)
  10 goblins
  8 hobgoblins
  4 jackals (D:2)
  3 quokkas
  4 frilled lizards
  3 kobolds
  A rat (D:1)
50 creatures vanquished.

Vanquished Creatures (others)
  A hound (D:4)
  4 bats
  A goblin (D:1)
  A hobgoblin (D:1)
  A kobold (D:4)
  2 ball pythons (D:1)
  2 rats
12 creatures vanquished.

Grand Total: 62 creatures vanquished

Notes
Turn   | Place    | Note
-------+----------+-------------------------------------------
     0 | D:1      | Anon1729 the Octopode Transmuter began the quest for the
                  | Orb.
     0 | D:1      | Reached XP level 1. HP: 13/13 MP: 3/3
   303 | D:1      | Found a faded altar of an unknown god.
   310 | D:1      | Reached XP level 2. HP: 15/18 MP: 5/5
   311 | D:1      | Prayed at the altar of an unknown god.
   311 | D:1      | Became a worshipper of Jiyva Jesud the Shapeless
   311 | D:1      | Reached * piety under Jiyva
   853 | D:2      | Reached XP level 3. HP: 23/23 MP: 6/6
   992 | D:2      | You fall into a shaft and drop 2 floors!
  1142 | D:2      | Found Dodit's General Store.
  1272 | D:2      | Reached ** piety under Jiyva
  1370 | D:2      | Reached XP level 4. HP: 17/28 MP: 7/7
  1542 | D:3      | Found a basalt altar of Yredelemnul.
  1821 | D:3      | Found a snail-covered altar of Cheibriados.
  1821 | D:3      | Found a sacrificial altar of Ru.
  1828 | D:3      | Found a sparkling altar of Nemelex Xobeh.
  1830 | D:3      | Found a bloodstained altar of Trog.
  1832 | D:3      | Found a broken altar of Ashenzari.
  2145 | D:4      | Found a shadowy altar of Dithmenos.
  2325 | D:5      | Entered Level 5 of the Dungeon
  2347 | D:5      | Noticed a water moccasin
  2353 | D:5      | Noticed an ogre
  2356 | D:5      | Slain by a hound

Illustrated notes

Levels and vault maps discovered:
D:1:      nagdon_arrival_double_spiral, layout_rooms,
          hellmonk_ecumenical_altar_slurped_away, patterned_corridor
D:2:      layout_basic, serial_shops, nicolae_shop_hallway_plus
D:3:      layout_basic, mainiacjoe_overflow_boulevard,
          chequers_temple_overflow_minitemple
D:4:      layout_gridville, kennysheep_mini
D:5:      layout_loops_ring, elyvilon_altar_5, mainiacjoe_overflow_24_doors,
          mainiacjoe_overflow_tiny_flanked, uniq_menkaure

Action                   |  1- 3 |  4- 6 || total
-------------------------+-------+-------++-------
Melee: Unarmed           |   110 |    28 ||   138
       Constrict         |    28 |     8 ||    36
       Tentacles         |    13 |     6 ||    19
       Punch             |     2 |       ||     2
Evoke: Wand              |       |     2 ||     2
 Stab: Sleeping          |    12 |     3 ||    15
Armor: Skin              |    14 |     1 ||    15
Dodge: Dodged            |    82 |    19 ||   101

Table legend: (Time is in decaauts)
 A = Elapsed time spent in this place.
 B = Non-inter-level travel time spent in this place.
 C = Inter-level travel time spent in this place.
 D = Time resting spent in this place.
 E = Time spent auto-exploring this place.
 F = Levels seen in this place.
 G = Mean time per level.
                   A        B        C        D        E       F      G
               +--------+--------+--------+--------+--------+-----+--------+
         Total |   2347 |   2275 |     72 |      0 |   1900 |   5 |  469.4 |
       Dungeon |   2347 |   2275 |     72 |      0 |   1900 |   5 |  469.4 |
               +--------+--------+--------+--------+--------+-----+--------+

Top non-repeatable levels by time:
     D:1: 842 daAuts
     D:2: 542 daAuts
     D:4: 483 daAuts
     D:3: 449 daAuts
     D:5: 30 daAuts
